 Dungeon Crawl Stone Soup version 0.15-a0-674-g7948ca6 (webtiles) character file.

2582 PolkaDot the Conjurer (level 9, -8/57 HPs)
             Began as a Vampire Conjurer on May 9, 2014.
             Was an Initiate of Gozag.
             Killed by divine providence
             ... invoked by an orc priest
              (13 damage)
             ... on Level 7 of the Dungeon.
             The game lasted 00:35:00 (7675 turns).

PolkaDot the Conjurer (Vampire Conjurer)            Turns: 7675, Time: 00:35:01

HP  -8/57        AC  6     Str  7      XL: 9   Next: 32%
MP  10/14        EV 12     Int 20      God: Gozag
Gold 332         SH  0     Dex 14      Spells:  4 memorised,  2 levels left

rFire  . . .     SeeInvis +     b - +3,+2 dagger (speed)
rCold  + + .     Clarity  .     a - +0 robe
rNeg   + + +     Conserve .     (no shield)
rPois  +         rCorr    .     (no helmet)
rElec  .         rRot     +     (no cloak)
SustAb . .       Spirit   .     E - +0 pair of gloves
rMut   .         Warding  .     o - +2 pair of boots
Saprov . . .     Stasis   .     q - amulet of faith
MR     .....                    (no ring)
                                d - ring of wizardry

@: regenerating slowly, not resistant to hostile enchantments, fairly stealthy
A: bottle blood, fangs 3, (repulsion field 0), see invisible, unbreathing
a: Bat Form, Bottle Blood, Potion Petition, Call Merchant, Bribe Branch,
Renounce Religion


You were on level 7 of the Dungeon.
You worshipped Gozag.
Gozag was noncommittal.
You were near bloodless.

You visited 2 branches of the dungeon, and saw 8 of its levels.
You also visited: Ossuary.

You collected 619 gold pieces.
You paid 287 gold pieces to Gozag.

Inventory:

Hand weapons
 b - a +3,+2 dagger of speed (weapon)
Armour
 a - a +0 robe (worn)
 o - a +2 pair of boots (worn)
 E - a +0 pair of gloves (worn)
Magical devices
 u - a wand of digging (20)
Scrolls
 e - 5 scrolls of enchant weapon II
 f - 6 scrolls of remove curse
 j - a scroll of recharging
 l - a scroll of fog
 m - 3 scrolls of teleportation
 n - a scroll of enchant weapon III {unknown}
 y - 2 scrolls of amnesia {unknown}
 z - a scroll of enchant weapon I
 B - 2 scrolls of enchant armour
 D - 2 scrolls of magic mapping {unknown}
 F - a scroll of fear {unknown}
Jewellery
 d - a ring of wizardry (left hand)
 q - an amulet of faith (around neck)
 x - an uncursed ring of stealth
Potions
 g - 3 potions of restore abilities
 h - 6 potions of curing
 i - 2 potions of haste
 k - a potion of flight
 p - 3 potions of brilliance
 r - a potion of agility
 s - a potion of lignification
 v - a potion of invisibility
 w - a potion of mutation {!q}
 C - a potion of poison {unknown}
 G - 2 potions of degeneration {unknown}
Books
 c - a book of Conjurations

   Spells                             Type                      Level
   *Magic Dart                        Conjuration                  1
   *Searing Ray                       Conjuration                  2
   *Dazzling Spray                    Conjuration/Hexes            3
   Fulminant Prism                    Conjuration/Hexes            4
   *Iskenderun's Mystic Blast         Conjuration                  4
   Iskenderun's Battlesphere          Conjuration/Charms           5


   Skills:
 - Level 2.1 Dodging
 - Level 3.0 Stealth
 - Level 2.0 Spellcasting
 * Level 10.2 Conjurations


You had 2 spell levels left.
You knew the following spells:

 Your Spells              Type           Power        Failure   Level  Hunger
a - Magic Dart            Conj           ####         1%          1    #......
d - Iskenderun's Mystic   Conj           #####...     1%          4    #####..
f - Dazzling Spray        Conj/Hex       ###.....     3%          3    ###....
s - Searing Ray           Conj           #####.       1%          2    ##.....


Dungeon Overview and Level Annotations

Branches:
Dungeon (7/15)             Temple (1/1) D:4

Altars:
Ashenzari
Cheibriados
Dithmenos
Elyvilon
Fedhas
Gozag
Kikubaaqudgha
Makhleb
Nemelex Xobeh
Okawaru
Qazlal
Sif Muna
Trog
Vehumet
Xom
Yredelemnul
Zin
The Shining One


Innate Abilities, Weirdness & Mutations

You heal slowly.
You can bottle blood from corpses.
You have razor-sharp teeth.*
You have supernaturally acute eyesight.
You can survive without breathing.*
((You are surrounded by a mild repulsion field (EV +2).))+


Message History

The gnoll sergeant closely misses you. The centaur hits you!
* * * LOW HITPOINT WARNING * * *
You hit the centaur. Your bite misses the centaur.
The centaur is heavily wounded.
The kobold hits you but does no damage.
The gnoll sergeant hits you but does no damage.
You hit the centaur.
The centaur is severely wounded.
The centaur hits you but does no damage.
You hit the centaur. Your bite misses the centaur.
The centaur is severely wounded.
The centaur barely misses you. The kobold closely misses you.
The gnoll sergeant hits you but does no damage.
You barely miss the centaur.
The centaur is severely wounded.
The centaur barely misses you.
The orc priest calls down the wrath of Beogh upon you.
Something smites you!
You die...
Your body crumbles into a pile of gold.

##################
K.'((..)...KoKgc@+
..'....))....KgK.+
$.####')########'# $
..#..........#...# $ .
#.[........#...# g
#..........#.>.#
#..........#...# ♣♣♣
############'''#PPPP
###♣♣♣.lP♣♣♣♣.)..♣PPP♣


You could see a gnoll sergeant, a centaur, an orc priest, a gnoll and 4 kobolds.

Vanquished Creatures
  Pikel (D:6)
  An orc warrior (D:7)
  An ogre (D:5)
  A phantom (D:7)
  An ice beast (D:5)
  2 centaurs
  2 big kobolds
  A water moccasin zombie (Ossuary)
  8 killer bees (D:7)
  3 crimson imps
  A giant frog skeleton (D:7)
  A giant frog zombie (D:5)
  A gnoll shaman (D:7)
  7 hounds
  6 orc wizards
  3 worker ants
  A big kobold zombie (Ossuary)
  5 gnolls
  2 mummies (Ossuary)
  A scorpion zombie (D:5)
  10 adders
  A giant mite (D:3)
  A shadow imp (D:6)
  4 worms
  2 inept feature mimics
  An iguana skeleton (D:5)
  2 orc skeletons (D:5)
  4 adder zombies (Ossuary)
  3 giant geckos
  11 orcs
  14 bats
  2 giant cockroaches
  2 gnoll zombies (Ossuary)
  20 hobgoblins
  7 jackals
  5 giant newts
  12 goblins
  A hobgoblin skeleton (D:5)
  6 hobgoblin zombies (Ossuary)
  16 kobolds
  4 kobold zombies (Ossuary)
  8 orc zombies (Ossuary)
  A quokka (D:5)
  A quokka skeleton (D:5)
  13 rats
  A rat skeleton (D:4)
  A spectral orc (D:4)
202 creatures vanquished.

Vanquished Creatures (others)
  A crimson imp (D:6)
  An adder (D:6)
2 creatures vanquished.

Grand Total: 204 creatures vanquished

Notes
Turn   | Place    | Note
--------------------------------------------------------------
     0 | D:1      | PolkaDot, the Vampire Conjurer, began the quest for the Orb.
     0 | D:1      | Reached XP level 1. HP: 13/13 MP: 3/3
   283 | D:1      | Reached XP level 2. HP: 17/19 MP: 4/4
   661 | D:1      | Learned a level 2 spell: Searing Ray
  1120 | D:2      | Reached XP level 3. HP: 22/24 MP: 6/6
  1244 | D:2      | Reached skill level 4 in Conjurations
  1574 | D:3      | Reached XP level 4. HP: 30/30 MP: 7/7
  2238 | D:4      | Reached XP level 5. HP: 26/35 MP: 1/9
  2241 | D:4      | Paralysed by a potion of paralysis for 3 turns
  2265 | D:4      | Reached skill level 5 in Conjurations
  2426 | D:4      | Found a staircase to the Ecumenical Temple.
  2436 | Temple   | Entered the Ecumenical Temple
  2774 | D:4      | Found a basalt altar of Yredelemnul.
  2906 | D:4      | Got a polished leather armour
  2907 | D:4      | Identified the cursed -1 leather armour of the Moon {rF+} (You found it on level 4 of the Dungeon)
  3047 | D:4      | Learned a level 4 spell: Iskenderun's Mystic Blast
  3270 | D:5      | Entered Level 5 of the Dungeon
  3296 | D:5      | Found a staircase to the Ecumenical Temple.
  3309 | D:5      | the staircase to the Ecumenical Temple was a mimic.
  3347 | D:5      | Noticed an ogre
  3356 | D:5      | Killed an ogre
  3356 | D:5      | Reached XP level 6. HP: 41/41 MP: 1/10
  3376 | D:5      | Found a sand-covered staircase.
  3427 | Ossuary  | Entered an ossuary
  3804 | Ossuary  | Reached skill level 6 in Conjurations
  4408 | D:5      | Reached XP level 7. HP: 26/46 MP: 3/12
  4668 | D:5      | Reached skill level 7 in Conjurations
  4837 | D:5      | Learned a level 3 spell: Dazzling Spray
  5073 | D:5      | Gained mutation: You are surrounded by a mild repulsion field (EV +2). [potion of beneficial mutation]
  5205 | D:5      | Noticed a centaur
  5214 | D:5      | Killed a centaur
  5255 | D:5      | Reached XP level 8. HP: 27/52 MP: 1/13
  5571 | D:6      | Noticed Pikel
  5599 | D:6      | Killed Pikel
  5599 | D:6      | Reached skill level 8 in Conjurations
  5722 | D:6      | Reached skill level 9 in Conjurations
  6146 | D:7      | Found an opulent altar of Gozag.
  6146 | D:7      | Found a snail-covered altar of Cheibriados.
  6146 | D:7      | Found an iron altar of Okawaru.
  6167 | D:7      | Became a worshipper of Gozag Ym Sagoz the Greedy
  6312 | D:7      | Reached XP level 9. HP: 20/57 MP: 3/14
  6869 | D:7      | Found a bloodstained altar of Trog.
  6876 | D:7      | Found a glowing golden altar of the Shining One.
  6877 | D:7      | Found a radiant altar of Vehumet.
  6877 | D:7      | Found a shimmering altar of Xom.
  6883 | D:7      | Found a deep blue altar of Sif Muna.
  6885 | D:7      | Found a shattered altar of Ashenzari.
  7006 | D:7      | Reached skill level 10 in Conjurations
  7675 | D:7      | Killed from afar by an orc priest

Action                   |  1- 3 |  4- 6 |  7- 9 || total
-------------------------+-------+-------+-------++-------
Melee: Dagger            |    85 |   204 |   265 ||   554
 Cast: Magic Dart        |    14 |     4 |     4 ||    22
       Searing Ray       |     5 |    23 |    33 ||    61
       Iskenderun's Myst |       |     4 |    16 ||    20
  Use: Potion            |     1 |     7 |     8 ||    16
       Scroll            |       |    14 |     6 ||    20
 Stab: Sleeping          |     5 |    14 |     3 ||    22
       Distracted        |     1 |       |     1 ||     2
